 Dungeon Crawl Stone Soup version 0.19-a0-1841-gf1e0166 (webtiles) character file.

7566 Arkorax the Cleaver (level 11, -6/135 HPs)
             Began as a Vine Stalker Berserker on Oct 9, 2016.
             Was a High Priest of Trog.
             Mangled by Snorg (13 damage)
             ... on level 10 of the Dungeon.
             The game lasted 00:13:04 (8155 turns).

Arkorax the Cleaver (Vine Stalker Berserker)        Turns: 8155, Time: 00:13:04

Health: -6/135     AC: 25    Str: 28    XL:     11   Next: 17%
Magic:  0/12       EV:  2    Int:  7    God:    Trog [*****.]
Gold:   598        SH:  0    Dex: 14    Spells: 0 memorised, 10 levels left

rFire  . . .     SeeInvis .     a - +1 hand axe
rCold  . . .     Gourm    .     (armour currently unavailable)
rNeg   + + +     Faith    .     (no shield)
rPois  +         Spirit   +     (helmet currently unavailable)
rElec  .         Dismiss  .     (cloak currently unavailable)
rCorr  .         Reflect  .     (gloves currently unavailable)
MR     +....     Harm     .     (boots currently unavailable)
Stlth  .......... NoTele   +    (no amulet)
                                s - +4 ring of slaying
                                z - ring of Shadows {Umbra +Inv Stlth+}

@: berserking, tree-form, wreathed by umbra, very quick
A: (fangs 0), regeneration 1, magic shield, (antimagic bite), no device heal 3,
rot immunity
a: Berserk, Trog's Hand, Brothers in Arms, Burn Spellbooks, Renounce Religion,
Evoke Invisibility


You were on level 10 of the Dungeon.
You worshipped Trog.
Trog was extremely pleased with you.
You were not hungry.
You were a tree.
You visited 1 branch of the dungeon, and saw 10 of its levels.

You collected 598 gold pieces.

Inventory:

Hand Weapons
 a - a +1 hand axe (weapon)
 X - a +2 flail of crushing
   (You took it off an orc on level 9 of the Dungeon)
Missiles
 y - 9 tomahawks of returning
 Y - a throwing net (quivered)
Armour
 f - a +2 hat (melded)
 H - a +0 pair of gloves (melded)
 K - a +0 chain mail (melded)
 T - a +2 pair of boots (melded)
Jewellery
 s - a +4 ring of slaying (right branch)
 z - the ring of Shadows (left branch) {Umbra +Inv Stlth+}
   (You found it on level 4 of the Dungeon)

   [ring of stealth]

   It lets you turn invisible.
   It makes you more stealthy.
 C - an uncursed ring of positive energy {unknown}
 M - an uncursed amulet of dismissal {unknown}
 P - an uncursed ring of positive energy {unknown}
 W - a +3 ring of protection {unknown}
Wands
 b - a wand of slowing (17/48)
 d - a wand of slowing (25/48)
 B - a wand of flame (2/48)
 N - a wand of disintegration (8/24)
 Q - a wand of slowing (8/48)
 R - a wand of flame (25/48)
 U - a wand of iceblast (3/15)
 Z - a wand of acid (15/15)
Scrolls
 g - 4 scrolls of enchant armour
 i - a scroll of fog
 p - 4 scrolls of remove curse
 t - 2 scrolls of magic mapping {!r}
Potions
 e - a potion of berserk rage
 j - 4 potions of lignification {!q}
 k - 2 potions of cure mutation {!q}
 n - 4 potions of haste {!q}
 u - 2 potions of magic {unknown}
 x - 2 potions of cancellation {unknown}
 A - 6 potions of curing
 G - 3 potions of agility {!q}
 I - a potion of brilliance {unknown}
 J - a potion of degeneration {unknown}
Books
 V - a Young Poisoner's Handbook
Comestibles
 c - 3 bread rations {!e}
 m - 4 meat rations {!e}
 q - 4 beef jerkies
 v - 3 slices of pizza
 w - 5 fruits
 D - 10 royal jellies


   Skills:
 + Level 8.2 Fighting
 * Level 11.3 Axes
 + Level 7.2 Armour
 - Level 1.5 Dodging


You had 10 spell levels left.
You didn't know any spells.

Dungeon Overview and Level Annotations

Branches:
Dungeon (10/15)            Temple (0/1) D:4
   Lair: D:8-11         Orc: D:9-12

Altars:
Ashenzari
Cheibriados
Kikubaaqudgha
Okawaru
Ru
Sif Muna
Vehumet
Xom

Shops:
D:10 =

Annotations:
D:10 Snorg


Innate Abilities, Weirdness & Mutations

((You have razor-sharp teeth.))
Your natural rate of healing is unusually fast.
When hurt, damage is shared between your health and your magic reserves.
((Your bite disrupts and absorbs the magic of your enemies.))
Potions and wands cannot restore your health.
You are immune to rotting.


Message History

There is an open door here.
You now have 598 gold pieces (gained 15).
There is an open door here.
You see here 21 stones.
There is an open door here.
Found a stone staircase leading up.
No target in view!
Snorg the Insatiable comes into view.
Snorg goes berserk!
Snorg is nearby!
Snorg is nearby!
You slash Snorg!
Snorg is lightly wounded.
Snorg closely misses you. Snorg claws you. Snorg claws you!
Damage: 11 (max 11)
Your chain mail prevents you from hitting Snorg.
You bite Snorg. You drain her power.
You feel invigorated.
Snorg is lightly wounded.
Snorg bites you but does no damage. Snorg claws you! Snorg barely misses you.
Damage: 4 (max 11) Unknown command.
Unknown command.
Okay, then.
Unknown command.
Your ogre goes berserk!
You feel somewhat more hungry. Snorg bites you!!
* * * LOW HITPOINT WARNING * * *
Snorg claws you.
* * * LOW HITPOINT WARNING * * *
Snorg claws you!
* * * LOW HITPOINT WARNING * * *
Snorg closely misses you. Snorg barely misses you. Snorg claws you.
* * * LOW HITPOINT WARNING * * *
Damage: 31 (max 31) Really quaff
j - 5 potions of lignification {!q}?
You turn into a tree.
Your +2 hat melds into your body.
Your +0 pair of gloves melds into your body.
Your +2 pair of boots melds into your body.
Your +0 chain mail melds into your body.
Your roots penetrate the ground.
Snorg bites you!!
* * * LOW HITPOINT WARNING * * *
Snorg claws you but does no damage. x2
Damage: 9 (max 31)
Okay, then.
A red film seems to cover your vision as you go berserk!
You feel yourself moving faster!
You feel mighty! Snorg bites you.
* * * LOW HITPOINT WARNING * * *
Snorg claws you but does no damage. x2; Your ogre barely misses Snorg.
Snorg bites you!
You die...

...............##.....##......#..
#####+.#..##...##.....##......#..
#***...#..##...##.....#..(....#..
,,,...................#..<....#..
,,....................'.......#..
**##...#.###..###.##..##..##'###.
*,**...#.,#######.##..######.###.
*,,,,,,,,,#.....O.....#..........
+,,,,,,,,,#.....?
*,....,...#........>.>#..........
*,,.......#...........#..........
***,.....###..##..########..###..
**#..#.###..*#+##*######..###.#
#........,,,,,,,#............
#........,,,,,,,#............
#..#.#***,****,,###.#########


You could see Snorg (berserk) and a friendly ogre (berserk).

Vanquished Creatures
  Josephine (D:10)
  Erolcha (D:10)
  A centaur zombie (D:10)
  A gargoyle (D:10)
  A hornet (D:9)
  A two-headed ogre (D:9)
  A hippogriff (D:9)
  4 wraiths (D:10)
  2 wyverns (D:9)
  2 hungry ghosts
  2 soldier ants (D:8)
  An orc warrior (D:8)
  5 sky beasts
  3 ice beasts
  A black bear (D:9)
  An ogre (D:8)
  3 centaurs
  A crocodile (D:7)
  4 big kobolds
  6 bullfrogs
  A gnoll sergeant (D:8)
  A scorpion (D:7)
  A vampire bat (D:9)
  An electric eel (D:9)
  6 crimson imps
  A bullfrog zombie (D:9)
  3 jellies
  A quasit (D:6)
  A gnoll shaman (D:7)
  4 orc priests
  6 hounds
  9 orc wizards
  4 worker ants
  A killer bee zombie (D:6)
  A hound zombie (D:5)
  2 hound skeletons
  A worker ant zombie (D:10)
  A howler monkey zombie (D:6)
  7 gnolls
  8 adders
  A shadow imp (D:5)
  2 oozes
  An adder zombie (D:8)
  6 worms
  A dart slug (D:1)
  3 leopard geckos
  25 orcs
  A ball python (D:7)
  12 bats
  2 bat skeletons (D:9)
  3 bat zombies (D:9)
  13 giant cockroaches
  5 goblins
  13 hobgoblins
  8 jackals
  4 quokkas
  7 frilled lizards
  43 kobolds
  A leopard gecko skeleton (D:6)
  9 rats
262 creatures vanquished.

Vanquished Creatures (others)
  A plant (D:4)
1 creature vanquished.

Grand Total: 263 creatures vanquished

Notes
Turn   | Place    | Note
-------+----------+-------------------------------------------
     0 | D:1      | Arkorax the Vine Stalker Berserker began the quest for the Orb.
     0 | D:1      | Reached XP level 1. HP: 11/11 MP: 2/2
   162 | D:1      | Reached skill level 3 in Axes
   162 | D:1      | Reached XP level 2. HP: 13/16 MP: 3/3
   165 | D:1      | Reached skill level 3 in Fighting
   413 | D:1      | Reached ** piety under Trog
   413 | D:1      | Reached XP level 3. HP: 19/20 MP: 4/4
   752 | D:1      | Reached skill level 2 in Armour
   922 | D:2      | HP: 6/20 [worm (1)]
   987 | D:2      | HP: 4/20 [goblin/club (3)]
  1001 | D:2      | HP: 3/20 [hobgoblin/club (2)]
  1360 | D:2      | Found a shattered altar of Ashenzari.
  1382 | D:2      | Gained mutation: Your natural rate of healing is unusually fast. [Vine Stalker growth]
  1382 | D:2      | Reached XP level 4. HP: 19/24 MP: 5/5
  1842 | D:2      | Found a shimmering altar of Xom.
  2083 | D:3      | Found an iron altar of Okawaru.
  2462 | D:3      | Reached XP level 5. HP: 27/28 MP: 6/6
  2925 | D:4      | Reached *** piety under Trog
  2938 | D:4      | Noticed a big kobold
  2952 | D:4      | Reached skill level 4 in Axes
  2978 | D:4      | Killed a big kobold
  3051 | D:4      | HP: 8/29 [poisoned by an adder]
  3056 | D:4      | HP: 6/29 [poisoned by an adder]
  3061 | D:4      | HP: 3/29 [poisoned by an adder]
  3066 | D:4      | HP: 2/29 [poisoned by an adder]
  3072 | D:4      | HP: 2/29 [poisoned by an adder]
  3078 | D:4      | HP: 2/29 [poisoned by an adder]
  3086 | D:4      | HP: 4/29 [poisoned by an adder]
  3273 | D:4      | Reached XP level 6. HP: 33/33 MP: 7/7
  3348 | D:4      | Found a staircase to the Ecumenical Temple.
  3689 | D:4      | Reached skill level 4 in Fighting
  3846 | D:5      | Entered Level 5 of the Dungeon
  3947 | D:5      | Found a radiant altar of Vehumet.
  3987 | D:5      | Reached skill level 5 in Axes
  4064 | D:5      | Reached skill level 3 in Armour
  4064 | D:5      | Reached XP level 7. HP: 27/37 MP: 6/8
  4261 | D:5      | Found a sacrificial altar of Ru.
  4711 | D:6      | Reached skill level 6 in Axes
  4723 | D:6      | Reached **** piety under Trog
  4804 | D:6      | Gained mutation: You have razor-sharp teeth. [Vine Stalker growth]
  4804 | D:6      | Reached XP level 8. HP: 34/42 MP: 9/9
  4970 | D:6      | Reached skill level 4 in Armour
  5054 | D:6      | Reached skill level 5 in Fighting
  5350 | D:7      | Reached skill level 7 in Axes
  5519 | D:7      | Found a snail-covered altar of Cheibriados.
  5798 | D:7      | Reached XP level 9. HP: 48/48 MP: 10/10
  5907 | D:8      | Reached skill level 8 in Axes
  5922 | D:8      | HP: 14/48 [poisoned by a soldier ant]
  5924 | D:8      | Reached skill level 6 in Fighting
  5927 | D:8      | HP: 7/48 [poisoned by a soldier ant]
  5932 | D:8      | HP: 5/48 [poisoned by a soldier ant]
  5937 | D:8      | HP: 6/48 [poisoned by a soldier ant]
  5942 | D:8      | HP: 9/48 [poisoned by a soldier ant]
  5947 | D:8      | HP: 13/48 [poisoned by a soldier ant]
  6084 | D:8      | Reached skill level 5 in Armour
  6318 | D:8      | Reached skill level 9 in Axes
  6436 | D:8      | Pr0man: bah
  6461 | D:8      | Arkorax: heyo
  6577 | D:8      | Pr0man: the game offers me a treasure trove for losing my deity
  6579 | D:8      | Arkorax: oka?
  6579 | D:8      | Pr0man: yeah
  6579 | D:8      | Pr0man: not really interested in fighting titans the next while :D
  6579 | D:8      | Arkorax: no
  6579 | D:8      | Arkorax: you just lose piety
  6579 | D:8      | Arkorax: no wrath
  6712 | D:9      | Reached ***** piety under Trog
  6838 | D:9      | Pr0man: oh
  6839 | D:9      | Reached XP level 10. HP: 46/53 MP: 11/11
  6841 | D:9      | Pr0man: whoops
  6841 | D:9      | Arkorax: yolo?
  6945 | D:9      | Reached skill level 7 in Fighting
  7028 | D:9      | Paralysed by a hornet for 1 turns
  7032 | D:9      | HP: 16/55 [hornet (3)]
  7036 | D:9      | Reached skill level 6 in Armour
  7037 | D:9      | HP: 15/82 [poisoned by a hornet]
  7042 | D:9      | HP: 15/55 [poisoned by a hornet]
  7047 | D:9      | HP: 16/55 [poisoned by a hornet]
  7123 | D:9      | Pr0man: yeah
  7152 | D:9      | Pr0man: screw it
  7160 | D:9      | Pr0man: gonna go in there
  7160 | D:9      | Arkorax: :D
  7238 | D:9      | Reached skill level 10 in Axes
  7370 | D:9      | Found an ancient bone altar of Kikubaaqudgha.
  7434 | D:9      | Found a deep blue altar of Sif Muna.
  7540 | D:9      | Received a gift from Trog
  7706 | D:10     | Entered Level 10 of the Dungeon
  7799 | D:10     | Noticed a gargoyle
  7816 | D:10     | Killed a gargoyle
  7886 | D:10     | Noticed Josephine
  7898 | D:10     | Killed Josephine
  7900 | D:10     | Reached skill level 8 in Fighting
  7900 | D:10     | Reached skill level 11 in Axes
  7900 | D:10     | Reached XP level 11. HP: 56/60 MP: 12/12
  7907 | D:10     | Reached skill level 7 in Armour
  7990 | D:10     | Found Fuseusoa's Jewellery Shoppe.
  7994 | D:10     | Noticed Erolcha
  8005 | D:10     | Killed Erolcha
  8147 | D:10     | Noticed Snorg
  8153 | D:10     | HP: 17/60 [Snorg (9)]
  8154 | D:10     | HP: 5/90 [Snorg (17)]
  8155 | D:10     | Mangled by Snorg

Vault maps used:
D:1:      sevenhm_arrival_forest_fort_large_1, minmay_fountain_box
D:2:      evilmike_ruin_ashenzari, nicolae_overflow_hidden_temple, first_bread,
          serial_bayou_pond_a, minmay_quantized
D:3:      lemuel_coloured_pillars_altar, serial_co_window_serial,
          co_window_cross_1, co_window_corner_a, co_window_paths_a,
          co_window_paths_a, co_window_paths_a, co_window_broadway_a,
          co_window_cross_2, co_window_broadway_c, co_window_broadway_a,
          co_window_unsneaky_path_a, glass_columns_a, glass_columns_c,
          glass_columns_a, glass_columns_a, glass_columns_a
D:4:      kennysheep_kobold_camp
D:5:      nicolae_ru_awakened_eye, kennysheep_little_box
D:6:      serial_glass, glass_columns_b, glass_columns_c
D:7:      basic_altar
D:8:      hangedman_pestilent_swarm
D:9:      kennysheep_vampire_church, serial_bayou_lagoon_a, led_sif_book
D:10:     serial_shops, kennysheep_mini_moat, st_stairs_8, minivault_16,
          uniq_snorg, uniq_josephine, uniq_erolcha

Skill      XL: |  1  2  3  4  5  6  7  8  9 10 11 |
---------------+----------------------------------+-----
Axes           | 3 4 5 6 7 9 11 | 11.3
Fighting       | 3 4 5 6 8 |  8.2
Armour         | 2 3 4 5 6 7 |  7.2
Dodging        | |  1.5

Action                   |  1- 3 |  4- 6 |  7- 9 | 10-12 || total
-------------------------+-------+-------+-------+-------++-------
Melee: Hand axe          |   108 |   213 |   348 |   168 ||   837
       Bite              |    28 |    58 |   137 |    71 ||   294
Invok: Berserk           |     1 |     2 |     1 |     3 ||     7
       Trog's Hand       |       |     4 |     2 |     3 ||     9
       Brothers in Arms  |       |       |       |     2 ||     2
Evoke: Wand              |       |       |       |     6 ||     6
  Use: Scroll            |       |       |       |    21 ||    21
       Potion            |       |       |       |     2 ||     2
 Stab: Sleeping          |       |     3 |       |       ||     3
  Eat: Chunk             |     2 |     8 |     6 |     5 ||    21
       Bread ration      |       |     1 |     1 |       ||     2
       Meat ration       |       |       |     1 |     1 ||     2
Armor: Animal skin       |    28 |    29 |       |       ||    57
       Ring mail         |       |     5 |    15 |       ||    20
       Chain mail        |       |       |   133 |    73 ||   206
       Skin              |       |       |       |     4 ||     4
Dodge: Dodged            |    93 |   143 |   178 |    78 ||   492

Table legend:
 A = Turns spent in this place as a percentage of turns spent in the entire game.
 B = Non-inter-level travel turns spent in this place as a percentage of non-inter-level travel turns spent in the entire game.
 C = Inter-level travel turns spent in this place as a percentage of turns spent in this place.
 D = Turns resting spent in this place as a percentage of non-inter-level travel turns spent in this place.
 E = Turns spent auto-exploring this place as a percentage of non-inter-level travel turns spent in this place.
 F = Non-inter-level travel turns spent in this place divided by the number of levels of this place that you've seen.
                   A       B       C       D       E      F
               +-------+-------+-------+-------+-------+----------------------
         Total | 100.0 | 100.0 |   0.3 |   1.8 |  12.1 | 321.5
       Dungeon | 100.0 | 100.0 |   0.3 |   1.8 |  12.1 | 321.5
               +-------+-------+-------+-------+-------+----------------------

Vault maps used:
D:1:      sevenhm_arrival_forest_fort_large_1, minmay_fountain_box
D:2:      evilmike_ruin_ashenzari, nicolae_overflow_hidden_temple, first_bread,
          serial_bayou_pond_a, minmay_quantized
D:3:      lemuel_coloured_pillars_altar, serial_co_window_serial,
          co_window_cross_1, co_window_corner_a, co_window_paths_a,
          co_window_paths_a, co_window_paths_a, co_window_broadway_a,
          co_window_cross_2, co_window_broadway_c, co_window_broadway_a,
          co_window_unsneaky_path_a, glass_columns_a, glass_columns_c,
          glass_columns_a, glass_columns_a, glass_columns_a
D:4:      kennysheep_kobold_camp
D:5:      nicolae_ru_awakened_eye, kennysheep_little_box
D:6:      serial_glass, glass_columns_b, glass_columns_c
D:7:      basic_altar
D:8:      hangedman_pestilent_swarm
D:9:      kennysheep_vampire_church, serial_bayou_lagoon_a, led_sif_book
D:10:     serial_shops, kennysheep_mini_moat, st_stairs_8, minivault_16,
          uniq_snorg, uniq_josephine, uniq_erolcha
